Map: Lockdown LE

Players

SpeCial

  • Race: Terran Terran
  • League: Grandmaster

A.I. 1 (Very Easy) - Winner!

  • Race: Terran Terran

VOD

Have the link to the VOD?

Description

Time

  • Played on: June 23, 2026, 1:43 p.m.
  • Length: 5:41
Show
View Real Time Build Order
Export as new Build Order

SpeCial Terran 

Build Orders:  

Get SALT Encoding   

  8  0:00  SCV  
  9  0:12  SCV  
  10  0:24  SCV  
  11  0:34  Supply Depot  
  11  0:36  SCV  
  12  0:48  SCV  
  13  0:58  Barracks  
  13  1:01  SCV  
  13  1:03  Refinery  
  14  1:13  SCV  
  14  1:15  Refinery  
  15  1:25  SCV  
  16  1:37  SCV  
  17  1:45  Reaper  
  18  1:49  Orbital Command  
  18  2:04  Factory  
  18  2:11  Supply Depot  
  19  2:15  SCV  
  19  2:18  Reaper  
  20  2:27  SCV  
  21  2:39  SCV  
  22  2:49  Hellion  
  24  2:52  SCV  
  24  2:57  Command Center  
  25  2:59  Barracks Reactor  
  25  3:04  SCV  
  26  3:11  Starport  
  26  3:15  Widow Mine  
  28  3:21  Supply Depot  
  28  3:22  SCV  
  29  3:38  Factory Tech Lab  
  29  3:42  SCV  
  29  3:46  Marine x2  
  32  3:53  Starport Tech Lab  
  32  3:54  SCV  
  33  3:57  Cyclone  
  36  4:03  Refinery  
  36  4:06  SCV  
  37  4:10  Orbital Command  
  37  4:12  Marine x2  
  37  4:16  Raven  
  41  4:18  SCV  
  42  4:31  SCV  
  43  4:32  Supply Depot  
  43  4:36  SCV  
  43  4:37  Siege Tank  
  47  4:43  SCV  
  48  4:48  SCV  
  49  4:54  Raven  
  49  4:56  SCV  
  52  5:00  SCV  
  52  5:02  Supply Depot  
  53  5:08  SCV  
  53  5:10  Hellion  
  53  5:12  SCV  
  57  5:20  SCV  
  58  5:24  SCV  
  58  5:28  Command Center  
  63  5:39  Supply Depot  
Show
View Real Time Build Order
Export as new Build Order

A.I. 1 (Very Easy) Terran - Winner!

Build Orders:  

Get SALT Encoding   

  8  0:00  SCV  
  9  0:13  SCV  
  10  0:25  SCV  
  11  0:37  SCV  
  12  0:47  Supply Depot  
  12  0:49  SCV  
  13  1:07  Refinery  
  13  1:08  SCV  
  14  1:13  Barracks  
  14  1:32  Supply Depot  
  14  1:42  Refinery  
  14  1:59  SCV  
  14  2:00  Marine  
  16  2:11  SCV  
  17  2:23  SCV  
  18  2:31  Marine  
  18  2:35  SCV  
  20  2:47  SCV  
  20  2:50  Supply Depot  
  21  3:00  SCV  
  21  3:01  Marine  
  23  3:13  Orbital Command  
  23  4:13  SCV  
Tags
 
Matchup
TvT
Player
SpeCial
Race
Terran
Add a new tag
Caveats
  • Supply blocks, unpowered buildings, or Contaminate may cause inaccurate times.
  • Supply counts are checked every 10 seconds.